 Dungeon Crawl Stone Soup version 0.29.1-2-gbd0b4ee654 (webtiles) character file.

Game seed: 2961791590882674396

28 Sabo the Trooper (level 3, 0/23 HPs)
             Began as a Gargoyle Berserker on Nov 13, 2022.
             Was a Follower of Trog.
             Slain by a goblin
             ... wielding a +0 dagger
              (3 damage)
             ... on level 2 of the Dungeon.
             The game lasted 00:05:48 (1764 turns).

Sabo the Trooper (Gargoyle Berserker)               Turns: 1764, Time: 00:05:49

Health: 0/23       AC:  6    Str: 22    XL:     3   Next: 14%
Magic:  12/12      EV: 11    Int:  7    God:    Trog [*.....]
Gold:   28         SH:  0    Dex:  9    Spells: 2/2 levels left

rFire   . . .      SeeInvis .   e - +0 whip (vamp)
rCold   . . .      Faith    .   (no shield)
rNeg    + . .      Spirit   .   j - +0 leather armour
rPois   ∞          Reflect  .   (no helmet)
rElec   +          Harm     .   (no cloak)
rCorr   .          Rampage  .   (no gloves)
Will    .....                   (no boots)
Stlth   +.........              (no amulet)
HPRegen 0.07/turn               i - ring of magical power
MPRegen 0.13/turn               (no ring)

@: on berserk cooldown, slowed, very slow
A: sickness immunity, AC +3, negative energy resistance 1, electricity
resistance, torment resistance 1, petrification resistance
a: Renounce Religion, Berserk


You were on level 2 of the Dungeon.
You worshipped Trog.
Trog was aware of your devotion.
You visited 1 branch of the dungeon, and saw 2 of its levels.

You collected 28 gold pieces.

Inventory:

Hand Weapons
 a - a +0 hand axe
 e - a +0 vampiric whip (weapon)
Armour
 j - a +0 leather armour (worn)
Jewellery
 i - a ring of magical power (left hand)
Scrolls
 g - a scroll of vulnerability {unknown}
 h - a scroll of teleportation {unknown}
Potions
 c - 2 potions of berserk rage {unknown}
 d - a potion of flight {unknown}
 f - a potion of mutation {unknown}


   Skills:
 + Level 3.5 Fighting
 + Level 3.3 Axes
 + Level 0.5(2.3) Maces & Flails
 + Level 2.4 Armour
 + Level 1.6 Dodging
 + Level 0.2 Stealth


You had 2 spell levels left.
You didn't know any spells.
Your spell library was empty.

Dungeon Overview and Level Annotations

Branches:
Dungeon (2/15)

Altars:

Shops:
D:1 :[


Innate Abilities, Weirdness & Mutations

You are immune to sickness and miasma.
Your stone body is resilient. (AC +3)
You are immune to poison.
You resist negative energy. (rN+)
You are resistant to electric shocks. (rElec)
You are resistant to unholy torment.
You are immune to petrification.


Message History

The quokka bites you. The jackal bites you.
The goblin shoots a sling bullet.
The sling bullet barely misses you. The quokka completely misses you.
A red film seems to cover your vision as you go berserk!
You feel yourself moving faster!
You feel mighty!
You can no longer go berserk at will.
The jackal closely misses you. The quokka closely misses you.
The goblin shoots a sling bullet.
The sling bullet closely misses you.
The jackal bites you but does no damage.
You whack the quokka!
You feel better.
You kill the quokka!
Trog accepts your kill.
The jackal bites you but does no damage.
You hit the jackal.
You kill the jackal!
Trog accepts your kill.
You can now go berserk at will.
The jackal barely misses you.
The goblin shoots a sling bullet.
The sling bullet hits you. The jackal closely misses you.
The goblin shoots a sling bullet.
The sling bullet hits you.
You see here a jackal corpse.
You hit the jackal.
You kill the jackal!
Trog accepts your kill.
The goblin shoots a sling bullet.
The sling bullet closely misses you.
You feel a strong urge to attack something.
The goblin shoots a sling bullet.
The sling bullet barely misses you.
You feel your anger nearly subside.
You are no longer berserk.
You are exhausted.
You feel yourself slow down.
The goblin shoots a sling bullet.
The sling bullet hits you.
* * * LOW HITPOINT WARNING * * *
The goblin shoots a sling bullet.
The sling bullet closely misses you.
A rat comes into view.
The goblin shoots a sling bullet.
The sling bullet misses you.
The goblin unwields a +0 sling.
The goblin wields a +0 dagger.
The goblin hits you with a +0 dagger.
* * * LOW HITPOINT WARNING * * *
You closely miss the goblin. Your punch misses the goblin.
The goblin closely misses you. The goblin hits you with a +0 dagger.
You die...

. . .# .#
#######.# ..
##.......#....
##........#....
#......@g......
#.......r......
#...<..........
#..............
#...$..........
##.............
##....†...#....
#..........####
#..........#


You could see a goblin and a rat.

Vanquished Creatures
  An adder (D:2)
  A dart slug (D:1)
  2 endoplasms
  2 goblins (D:1)
  A hobgoblin (D:1)
  2 jackals (D:2)
  2 kobolds (D:1)
  A quokka (D:2)
  A ball python (D:1)
  A bat (D:1)
  A frilled lizard (D:1)
  A rat (D:2)
16 creatures vanquished.

Notes
Turn   | Place    | Note
-------+----------+-------------------------------------------
     0 | D:1      | Sabo the Gargoyle Berserker began the quest for the Orb.
     0 | D:1      | Reached XP level 1. HP: 14/14 MP: 1/1
   654 | D:1      | Found Gymyson's Book Shop.
   739 | D:1      | Reached XP level 2. HP: 9/19 MP: 2/2
  1127 | D:1      | Found Hadwipes's Armour Shoppe.
  1457 | D:2      | Reached XP level 3. HP: 4/23 MP: 3/3
  1754 | D:2      | Reached * piety under Trog
  1764 | D:2      | Slain by a goblin

Illustrated notes

Levels and vault maps discovered:
D:1:      dpeg_arrival_boxorama, layout_loops_ring, serial_shops, shop, shop
D:2:      layout_rooms, uniq_natasha

Skill      XL: |  1 |
---------------+----+-----
Axes           | 3 |  3.3
Fighting       | |  3.5
Maces & Flails | |  0.5
Armour         | |  2.4
Dodging        | |  1.6
Stealth        | |  0.2

Action                   || total
-------------------------++-------
Melee: Hand axe          ||    26
       Whip              ||    42
Invok: Berserk           ||     3
 Stab: Sleeping          ||     1
Armor: Animal skin       ||    10
       Leather armour    ||    24
Dodge: Dodged            ||    59
